 Dungeon Crawl Stone Soup version 0.30-a0-359-gd0147acb1a (webtiles) character file.

Game seed: 3290760030897606349

44 Gismaildir the Trooper (level 3, 0/33 HPs)
             Began as a Minotaur Fighter on Nov 12, 2022.
             Slain by Sigmund
             ... wielding a +0 scythe
              (6 damage)
             ... on level 2 of the Dungeon.
             The game lasted 00:02:02 (1140 turns).

Gismaildir the Trooper (Minotaur Fighter)           Turns: 1140, Time: 00:02:02

Health: 0/33       AC:  7    Str: 22    XL:     3   Next: 41%
Magic:  2/2        EV:  9    Int:  5    God:
Gold:   104        SH:  0    Dex:  9    Spells: 2/2 levels left

rFire   . . .      SeeInvis .    a - +1 war axe
rCold   . . .      Faith    .    c - +0 buckler
rNeg    . . .      Spirit   .    b - +0 scale mail
rPois   .          Reflect  .    (helmet restricted)
rElec   .          Harm     .    (no cloak)
rCorr   .          Rampage  .    (no gloves)
Will    .....                    (no boots)
Stlth   ..........               (no amulet)
HPRegen 0.25/turn                (no ring)
MPRegen 0.08/turn                (no ring)

@: confused
A: horns 2, retaliatory headbutt
a: no special abilities


You were on level 2 of the Dungeon.
You visited 1 branch of the dungeon, and saw 2 of its levels.

You collected 104 gold pieces.

Inventory:

Hand Weapons
 a - a +1 war axe (weapon)
Armour
 b - a +0 scale mail (worn)
 c - a +0 buckler (worn)
Scrolls
 g - a scroll of fear
Potions
 d - 3 potions of might
 e - a potion of flight
 f - 2 potions of curing {unknown}
 h - a potion of brilliance {unknown}
 i - a potion of magic {unknown}


   Skills:
 + Level 4.0 Fighting
 + Level 3.0 Axes
 + Level 4.0 Armour
 + Level 1.3 Dodging
 + Level 4.0 Shields


You had 2 spell levels left.
You didn't know any spells.
Your spell library was empty.

Dungeon Overview and Level Annotations

Branches:
Dungeon (2/15)

Altars:

Annotations:
D:2 Sigmund


Innate Abilities, Weirdness & Mutations

You have a pair of horns on your head.
You reflexively headbutt those who attack you in melee.


Message History

You closely miss something. Your headbutt misses something. You miss something.
Something hits you.
Unknown command.
You closely miss something.
A jackal comes into view.
Something hits you.
Unknown command.
You miss something. You miss the jackal. The jackal closely misses you.
Something hits you.
The jackal pauses to sniff the ground.
The jackal bites you but does no damage.
Unknown command.
You barely miss something. You barely miss the jackal.
The jackal closely misses you. Something hits you.
The jackal bites you but does no damage.
Unknown command.
You barely miss something. Your headbutt misses something.
You barely miss the jackal.
The jackal bites you but does no damage.
You hear some strange, mumbled words.
You are confused.
The jackal bites you.
Unknown command.
Unknown command.
Unknown command.
Unknown command.
You bump into the rock wall.
You hear some strange, mumbled words.
A magic dart appears from out of thin air!
The magic dart hits you. The jackal bites you.
You miss the jackal. Your headbutt misses the jackal. You slash the jackal!
You kill the jackal!
You closely miss something. The jackal misses you. Something hits you.
* * * LOW HITPOINT WARNING * * *
The jackal bites you but does no damage.
Unknown command.
You bump into the rock wall.
The jackal bites you but does no damage.
Something hits you.
You die...

.....##....
.....#
..........# #....
.....# #........#
..... #....#
#......$.#..(..#
#####
##........#......
#
#.........#......
.#
#..........<.....
.#
#.......†h{......
.#
#........@.......
.#
.....#.#####....
.# ... #.# # ## #
#.# # #.# # #.# #
#.# # #.# # #.#


You could see a jackal.

Vanquished Creatures
  A dart slug (D:1)
  3 endoplasms (D:1)
  5 giant cockroaches
  6 goblins (D:1)
  4 hobgoblins
  A jackal (D:2)
  3 kobolds
  2 quokkas (D:1)
  2 ball pythons
  4 bats
  4 frilled lizards (D:1)
  2 rats (D:1)
37 creatures vanquished.

Notes
Turn   | Place    | Note
-------+----------+-------------------------------------------
     0 | D:1      | Gismaildir the Minotaur Fighter began the quest for the
                  | Orb.
     0 | D:1      | Reached XP level 1. HP: 19/19 MP: 0/0
   140 | D:1      | Reached XP level 2. HP: 25/27 MP: 1/1
   261 | D:1      | Reached skill level 1 in Dodging
   706 | D:1      | Reached XP level 3. HP: 33/33 MP: 2/2
  1125 | D:2      | Noticed Sigmund
  1140 | D:2      | Slain by Sigmund

Illustrated notes

Levels and vault maps discovered:
D:1:      psy_arrival_fountain, layout_loops_cross, nicolae_hexahallways,
          kennysheep_pointless_box
D:2:      layout_basic, uniq_sigmund

Skill      XL: |  1  2  3 |
---------------+----------+-----
Dodging        | 1 |  1.3
Fighting       | 4 |  4.0
Armour         | 4 |  4.0
Shields        | 4 |  4.0
Axes           | 3 |  3.0

Action                   || total
-------------------------++-------
Melee: War axe           ||    78
       Headbutt          ||    12
  Use: Scroll            ||     6
Armor: Scale mail        ||    30
Dodge: Dodged            ||    36
Block: Buckler           ||    11

Table legend: (Time is in decaauts)
 A = Elapsed time spent in this place.
 B = Non-inter-level travel time spent in this place.
 C = Inter-level travel time spent in this place.
 D = Time resting spent in this place.
 E = Time spent auto-exploring this place.
 F = Levels seen in this place.
 G = Mean time per level.
                   A        B        C        D        E       F      G
               +--------+--------+--------+--------+--------+-----+--------+
         Total |   1170 |   1113 |     57 |      0 |    893 |   2 |  585.0 |
       Dungeon |   1170 |   1113 |     57 |      0 |    893 |   2 |  585.0 |
               +--------+--------+--------+--------+--------+-----+--------+

Top non-repeatable levels by time:
     D:1: 955 daAuts
     D:2: 214 daAuts
